 Dungeon Crawl Stone Soup version 0.27-a0-417-g317cea8a3c (webtiles) character file.

Game seed: 5136444595150873288

40532 wampuh the Tortoise (level 13, -3/118 HPs)
             Began as a Minotaur Gladiator on Feb 26, 2021.
             Was the Champion of Wu Jian.
             Killed from afar by Jorgrun (48 damage)
             ... with an iron shot
             ... on level 13 of the Dungeon.
             The game lasted 00:33:07 (21355 turns).

wampuh the Tortoise (Minotaur Gladiator)           Turns: 21355, Time: 00:33:08

Health: -3/118     AC: 18    Str: 23    XL:     13   Next: 75%
Magic:  12/12      EV: 13    Int:  5    God:    Wu Jian [******]
Gold:   1269       SH:  5    Dex: 13    Spells: 12/12 levels left

rFire    . . .     SeeInvis +   y - +6 great sword (elec)
rCold    + + +     Faith    .   (shield currently unavailable)
rNeg     . . .     Spirit   .   u - +1 ice dragon scales
rPois    .         Reflect  +   c - +0 hat
rElec    .         Harm     .   F - scarf {rC+ rF+}
rCorr    .         Rampage  .   K - +1 pair of gloves
Will     .....                  (no boots)
Stlth    ..........             J - amulet of reflection
HPRegen  0.29/turn              n - ring of see invisible
MPRegen  0.13/turn              B - ring of flight

@: grasped by roots, constricted
A: retaliatory headbutt, horns 2
a: Renounce Religion, Evoke Flight, Wall Jump, Serpent's Lash, Heavenly Storm


You were on level 13 of the Dungeon.
You worshipped Wu Jian.
Wu Jian was exalted by your worship.
You visited 2 branches of the dungeon, and saw 18 of its levels.
You also visited: Sewer and Bailey.

You collected 1325 gold pieces.
You spent 56 gold pieces at shops.

Inventory:

Hand Weapons
 y - a +6 great sword of electrocution (weapon)
Armour
 c - a +0 hat (worn)
 u - +1 ice dragon scales (worn)
 C - the +0 kite shield of Snakes and Ladders {SInv}
   (You found it in a bailey)

   It lets you see invisible.
 F - a scarf of resistance (worn)
 K - a +1 pair of gloves (worn)
 M - the +0 cloak of Dithmenos {rC+ SInv}
   (You found it on level 12 of the Dungeon)

   It protects you from cold.
   It lets you see invisible.
Jewellery
 j - an amulet of faith
 n - a ring of see invisible (left hand)
 p - an amulet of magic regeneration
 B - a ring of flight (right hand)
 J - an amulet of reflection (around neck)
Wands
 f - a wand of random effects (34)
 r - a wand of charming (16)
 x - a wand of polymorph (12)
 z - a wand of flame (13)
 L - a wand of iceblast (6)
Scrolls
 e - 9 scrolls of teleportation
 h - 6 scrolls of enchant weapon
 l - 3 scrolls of enchant armour
 o - 2 scrolls of blinking
 v - 4 scrolls of immolation
 D - a scroll of random uselessness
 G - a scroll of magic mapping
 H - 2 scrolls of amnesia
 I - 2 scrolls of fog
Potions
 b - 2 potions of mutation
 d - 4 potions of haste {unknown}
 g - 2 potions of cancellation
 i - 4 potions of lignification
 k - 8 potions of heal wounds {unknown}
 m - 4 potions of attraction
 q - a potion of brilliance
 s - 4 potions of curing
 t - 10 potions of ambrosia
 w - 2 potions of flight
 A - 3 potions of degeneration {unknown}
 E - 2 potions of might


   Skills:
 + Level 12.0 Fighting
 - Level 14.0 Long Blades
 - Level 2.0 Throwing
 - Level 15.0 Armour
 + Level 11.7 Dodging
 + Level 7.5 Evocations


You had 12 spell levels left.
You didn't know any spells.
Your spell library contained the following spells:

 Spells                   Type           Power        Failure   Level
 Animate Skeleton         Necr           0%           75%         1
 Apportation              Tloc           0%           75%         1
 Beastly Appendage        Tmut           0%           75%         1
 Corona                   Hex            0%           75%         1
 Shock                    Conj/Air       0%           75%         1
 Summon Small Mammal      Summ           0%           75%         1
 Call Imp                 Summ           0%           87%         2
 Ensorcelled Hibernation  Hex/Ice        0%           87%         2
 Swiftness                Air            0%           87%         2
 Wereblood                Tmut           0%           87%         2
 Call Canine Familiar     Summ           0%           98%         3
 Confusing Touch          Hex            0%           98%         3
 Dazzling Flash           Conj/Hex       0%           98%         3
 Gell's Gravitas          Tloc           0%           98%         3
 Lesser Beckoning         Tloc           0%           98%         3
 Spider Form              Tmut/Pois      0%           98%         3
 Static Discharge         Conj/Air       0%           98%         3
 Summon Guardian Golem    Hex/Summ       0%           98%         3
 Tukima's Dance           Hex            0%           98%         3
 Airstrike                Air            0%           100%        4
 Cause Fear               Hex            0%           100%        4
 Ice Form                 Ice/Tmut       0%           100%        4
 Summon Ice Beast         Ice/Summ       0%           100%        4
 Summon Lightning Spire   Summ/Air       0%           100%        4
 Alistair's Intoxication  Tmut/Pois      0%           100%        5
 Blade Hands              Tmut           0%           100%        5
 Lightning Bolt           Conj/Air       0%           100%        5
 Silence                  Hex/Air        0%           100%        5
 Yara's Violent Unravell  Hex/Tmut       0%           100%        5
 Invisibility             Hex            0%           100%        6
 Discord                  Hex            0%           100%        8


Dungeon Overview and Level Annotations

Branches:
Dungeon (15/15)            Temple (0/1) D:7            Lair (3/6) D:9
 Spider (0/4) Lair:2          Orc (0/2) D:12         Vaults (0/5) D:13
  Sewer (visited)          Bailey (visited)
  Swamp: Lair:2-4    Shoals: Lair:2-4    Depths: D:15

Altars:
Elyvilon
Fedhas
Gozag
Hepliaklqana
Kikubaaqudgha
Nemelex Xobeh
Okawaru
Uskayaw
Wu Jian
Xom
Zin

Shops:
D:8 *

Annotations:
D:7 1 runed translucent door, Lorrdernie's ghost, novice MiMo
D:8 3 runed translucent doors, Lorrdernie's ghost, novice MiBe
D:13 Jorgrun


Innate Abilities, Weirdness & Mutations

You reflexively headbutt those who attack you in melee.
You have a pair of horns on your head.


Message History

Jorgrun is heavily wounded.
Jorgrun hits you but does no damage.
You slash Jorgrun!
Jorgrun is severely wounded.
Jorgrun gestures at you while chanting.
Roots burst forth from the earth!
The grasping roots grab you! The grasping roots constrict you.
You closely miss Jorgrun.
Jorgrun is severely wounded.
Jorgrun says, "'tis place shall be yer tomb!"
Jorgrun casts a spell at you.
You are slowing down.
The grasping roots constrict you.
You slash Jorgrun!
Jorgrun is severely wounded.
Jorgrun completely misses you. The grasping roots constrict you!
Jorgrun casts a spell at you. The iron shot hits you!!
The grasping roots constrict you.
Your limbs are stiffening.
You barely miss Jorgrun. You headbutt Jorgrun, but do no damage.
Jorgrun is severely wounded.
Jorgrun hits you but does no damage. The grasping roots constrict you!
You have turned to stone.
Jorgrun hits you with a +0 vorpal quarterstaff.
The grasping roots constrict you!
Jorgrun hits you with a +0 vorpal quarterstaff.
The grasping roots constrict you. Jorgrun hits you but does no damage.
The grasping roots constrict you. Jorgrun gestures at you while chanting.
The grasping roots constrict you!
Jorgrun hits you with a +0 vorpal quarterstaff!
The grasping roots constrict you. Jorgrun hits you but does no damage.
The grasping roots constrict you!
You turn to flesh and can move again.
You slash Jorgrun! Lightning courses through Jorgrun!
Jorgrun is almost dead.
Jorgrun points at you and mumbles some strange words.
The iron shot hits you!!!
You die...

.#..#........##
.###..........#
##...........##
#............#
.............# ######
.............###?...###
......................#
.........#..........#
.........#......@g..#
...........##........#
...........#..#.........
..............###.###..#
.............## .# ##
.............# ..
...#........... ..#
..##............ ... .#
#............


You could see Jorgrun.

Vanquished Creatures
  3 hydras
  Erolcha (D:10)
  A boulder beetle (D:12)
  A catoblepas (D:13)
  2 two-headed ogres
  2 centaur warriors
  Sonja (Lair:1)
  2 unseen horrors
  An orc knight (Bailey)
  A necromancer (D:13)
  A deep elf pyromancer (D:13)
  2 oklob plants (Lair:1)
  A manticore (D:11)
  A cyclops (D:12)
  2 ugly things (D:12)
  2 centaur zombies
  9 cane toads
  A gargoyle (D:10)
  A rime drake (Lair:2)
  3 komodo dragons
  A demonic crawler (Lair:2)
  4 trolls
  A polar bear (Lair:1)
  A queen bee (Lair:2)
  8 blink frogs (Lair:1)
  5 slime creatures (D:12)
  A harpy skeleton (D:15)
  Prince Ribbit (D:5)
  Sigmund (D:3)
  A wraith (D:15)
  7 wyverns
  A human (D:11)
  44 yaks
  A warg (D:12)
  8 water moccasins
  A soldier ant (D:11)
  3 black bears
  3 orc warriors
  Purgy (Sewer)
  A sky beast (D:11)
  7 ice beasts
  An ice beast (shapeshifter) (D:12)
  A necrophage (D:9)
  14 ogres
  22 centaurs
  2 kobold brigands
  4 phantoms
  15 bullfrogs
  A wyvern zombie (D:11)
  A wyvern skeleton (D:4)
  4 scorpions
  37 killer bees
  8 wights
  A howler monkey (D:3)
  A bullfrog zombie (D:12)
  A quasit (D:6)
  2 jellies
  13 hounds
  2 bullfrog skeletons
  9 orc priests
  3 centaur skeletons
  2 gnoll shamans (D:5)
  Terence (D:3)
  7 iguanas
  7 orc wizards
  9 worker ants
  A killer bee zombie (D:7)
  A hound skeleton (D:3)
  A hound zombie (D:7)
  A worker ant zombie (D:9)
  Robin (D:4)
  51 gnolls
  17 adders
  A shadow imp (D:9)
  2 white imps
  5 ufetubi
  2 oozes
  2 adder skeletons
  6 worms
  A dart slug (D:3)
  5 leopard geckos
  45 orcs
  6 bats
  11 giant cockroaches
  15 goblins
  11 hobgoblins
  22 jackals
  21 kobolds
  4 quokkas
  A ball python (D:3)
  5 frilled lizards
  5 rats (D:1)
550 creatures vanquished.

Vanquished Creatures (collateral kills)
  An orc knight (Bailey)
  An orc warrior (Bailey)
2 creatures vanquished.

Vanquished Creatures (others)
  An orc knight (Bailey)
  5 dream sheep (Lair:1)
  A sky beast (D:12)
  20 fungi
  27 plants
54 creatures vanquished.

Grand Total: 606 creatures vanquished

Notes
Turn   | Place    | Note
-------+----------+-------------------------------------------
     0 | D:1      | wampuh the Minotaur Gladiator began the quest for the Orb.
     0 | D:1      | Reached XP level 1. HP: 18/18 MP: 0/0
   110 | D:1      | Reached XP level 2. HP: 23/25 MP: 1/1
   240 | D:1      | Reached skill level 1 in Armour
   902 | D:2      | Reached XP level 3. HP: 15/31 MP: 2/2
  1187 | D:2      | Reached skill level 2 in Armour
  1187 | D:2      | Reached XP level 4. HP: 28/38 MP: 3/3
  1909 | D:2      | Noticed an ogre
  1918 | D:2      | Killed an ogre
  1919 | D:2      | Reached XP level 5. HP: 22/46 MP: 4/4
  2323 | D:3      | Reached skill level 3 in Armour
  2333 | D:3      | Reached skill level 5 in Long Blades
  2336 | D:3      | Noticed Sigmund
  2350 | D:3      | Killed Sigmund
  2351 | D:3      | Reached skill level 5 in Fighting
  2351 | D:3      | Reached skill level 4 in Armour
  2351 | D:3      | Reached skill level 5 in Dodging
  2351 | D:3      | Reached XP level 6. HP: 12/56 MP: 5/5
  2621 | D:3      | Found a glowing drain.
  2657 | Sewer    | Entered a sewer
  2672 | Sewer    | Noticed Purgy
  2676 | Sewer    | Killed Purgy
  2677 | Sewer    | Reached skill level 5 in Armour
  2677 | Sewer    | Reached XP level 7. HP: 49/61 MP: 6/6
  2942 | D:3      | Found an ancient bone altar of Kikubaaqudgha.
  2948 | D:3      | Found an ornate altar of the Wu Jian Council.
  2953 | D:3      | Found an opulent altar of Gozag.
  2961 | D:3      | Became a worshipper of the Wu Jian Council
  3025 | D:3      | Noticed Terence
  3040 | D:3      | Killed Terence
  3652 | D:4      | You fall into a shaft and drop 2 floors!
  4175 | D:5      | Entered Level 5 of the Dungeon
  4182 | D:5      | Noticed Prince Ribbit
  4682 | D:5      | Killed Prince Ribbit
  4683 | D:5      | Reached XP level 8. HP: 53/68 MP: 7/7
  4996 | D:4      | Reached * piety under Wu Jian
  5282 | D:4      | Noticed Robin
  5284 | D:4      | Killed Robin
  5505 | D:4      | Reached skill level 10 in Long Blades
  5505 | D:4      | Reached skill level 1 in Evocations
  6295 | D:5      | Reached ** piety under Wu Jian
  6775 | D:5      | Reached XP level 9. HP: 70/74 MP: 8/8
  6832 | D:5      | Found a white marble altar of Elyvilon.
  6967 | D:5      | Reached *** piety under Wu Jian
  7524 | D:5      | Found a faded altar of an unknown god.
  7524 | D:5      | Found an iron altar of Okawaru.
  7532 | D:5      | Found a faded altar of an unknown god.
  7534 | D:5      | Found a shimmering altar of Xom.
  7536 | D:5      | Found a glowing silver altar of Zin.
  7911 | D:6      | Found a sparkling altar of Nemelex Xobeh.
  8054 | D:6      | Reached skill level 5 in Evocations
  8318 | D:7      | Found a runed translucent door.
  8335 | D:7      | Noticed Lorrdernie's ghost (novice MiMo)
  8615 | D:7      | Reached **** piety under Wu Jian
  8662 | D:7      | Found a staircase to the Ecumenical Temple.
  8735 | D:7      | Identified a shadowed robe
  9498 | D:8      | Reached skill level 6 in Armour
  9498 | D:8      | Reached XP level 10. HP: 83/83 MP: 9/9
  9542 | D:8      | Found Eqisoavut's Assorted Antiques.
  9553 | D:8      | Bought a scroll of identify for 56 gold pieces
  9789 | D:8      | Found a runed translucent gate.
  9789 | D:8      | Found a runed translucent gate.
  9789 | D:8      | Found a runed translucent gate.
  9790 | D:8      | Noticed Lorrdernie's ghost (novice MiBe)
  9791 | D:8      | Identified the +4 whip "Xuwazab" {venom, Int+3}
 10595 | D:9      | Reached skill level 7 in Armour
 10613 | D:9      | Reached ***** piety under Wu Jian
 10876 | D:9      | Found a staircase to the Lair.
 11281 | D:9      | Noticed a two-headed ogre
 11290 | D:9      | Killed a two-headed ogre
 11291 | D:9      | Reached skill level 8 in Armour
 11291 | D:9      | Reached XP level 11. HP: 77/94 MP: 10/10
 11457 | D:9      | Found a hazy altar of Hepliaklqana.
 11460 | D:9      | Found a blossoming altar of Fedhas.
 11461 | D:9      | Found a sparkling altar of Nemelex Xobeh.
 11465 | D:9      | Found a hide-covered altar of Uskayaw.
 11612 | D:10     | Entered Level 10 of the Dungeon
 11667 | D:10     | Noticed Erolcha
 11675 | D:10     | Killed Erolcha
 11980 | D:10     | Found a flagged portal.
 11997 | Bailey   | Entered a bailey
 12200 | Bailey   | Noticed an orc knight
 12200 | Bailey   | Noticed an orc knight
 12431 | Bailey   | Killed an orc knight
 12561 | Bailey   | Noticed an orc knight
 12567 | Bailey   | Killed an orc knight
 12568 | Bailey   | Reached skill level 9 in Armour
 12873 | Bailey   | Identified the Guide on the Voyage
 12878 | Bailey   | Identified a dazzling kite shield
 13887 | D:11     | Noticed a two-headed ogre
 13898 | D:11     | Killed a two-headed ogre
 13899 | D:11     | Reached skill level 10 in Dodging
 13956 | D:11     | Reached skill level 10 in Armour
 14209 | D:11     | Noticed an unseen horror
 14214 | D:11     | Killed an unseen horror
 14456 | D:12     | Noticed a green ugly thing
 14528 | Lair:1   | Entered Level 1 of the Lair of Beasts
 14602 | Lair:1   | Reached ****** piety under Wu Jian
 14603 | Lair:1   | Reached skill level 11 in Armour
 14603 | Lair:1   | Reached XP level 12. HP: 45/105 MP: 11/11
 15000 | Lair:1   | You fall into a shaft and drop 1 floor!
 15043 | Lair:2   | Noticed a six-headed hydra
 15062 | Lair:2   | Killed an 11-headed hydra
 15063 | Lair:2   | Reached skill level 10 in Fighting
 15474 | Lair:2   | Reached skill level 12 in Armour
 15798 | Lair:2   | Found a hole to the Spider Nest.
 15892 | Lair:2   | Reached skill level 13 in Armour
 16293 | Lair:2   | Identified a pitted dagger
 16677 | Lair:3   | Identified a translucent dagger
 16688 | Lair:3   | Reached skill level 14 in Armour
 16869 | Lair:3   | Noticed an eight-headed hydra
 16887 | Lair:3   | Killed an eight-headed hydra
 17625 | Lair:1   | Reached skill level 15 in Armour
 17976 | Lair:1   | Reached XP level 13. HP: 103/113 MP: 12/12
 18978 | Lair:1   | Noticed Sonja
 18989 | Lair:1   | Killed Sonja
 19319 | Lair:1   | Found a shimmering altar of Xom.
 20063 | D:12     | Found a staircase to the Orcish Mines.
 20266 | D:12     | Identified a steaming cloak
 21090 | D:13     | You fall into a shaft and drop 2 floors!
 21090 | D:15     | Entered Level 15 of the Dungeon
 21299 | D:13     | Found a gate to the Vaults.
 21333 | D:13     | Noticed Jorgrun
 21355 | D:13     | Killed from afar by Jorgrun

Illustrated notes

Levels and vault maps discovered:
D:1:      saegor_arrival_simple_c, layout_basic, chequers_serial_rivers_micro_c,
          minmay_pentomino_v4
D:2:      layout_basic, minmay_cut_off
D:3:      layout_loops_ring, minmay_overflow_temple_star_quad,
          gup_sewer_entry_glass, uniq_sigmund, uniq_terence
D:4:      layout_basic, corexii_leaking_fountain, uniq_robin
D:5:      lemuel_castle_with_subvaults [lemuel_castle_interior_original],
          layout_basic, chequers_temple_overflow_minitemple,
          general_overflow_altar, uniq_prince_ribbit1
D:6:      layout_loops_ring, nemelex_dance_club_becter
D:7:      layout_basic, minmay_temple_entry_proselytizer,
          hellmonk_ghost_happy_afterlife
D:8:      layout_basic, gammafunk_ghost_nasty_kobolds, serial_shops, shop
D:9:      layout_roguey, minitemple, minmay_lair_entry_grove, chequers_jeans
D:10:     layout_cross, enter_bailey_3, minivault_25, uniq_erolcha
D:11:     layout_roguey, kennysheep_small_circle
D:12:     layout_rooms, erik_orc_4, serial_glass, glass_columns_a,
          glass_columns_a, feat_on_display, item_on_display_a,
          unseen_surprise_small, chequers_serial_rivers_large_a
D:13:     layout_cave_pools, david_vaults_1, uniq_snorg, uniq_frances,
          uniq_jorgrun
D:14:     layout_rooms, nicolae_trove_entry_diagonal, serial_shops,
          bzr_entry_gold
D:15:     grunt_enter_depths_snipers, layout_basic, minivault_4,
          cheibriados_altar_1
Lair:1:   layout_cave_pods, chequers_serial_rivers_room_a,
          kb_xom_exploding_sheep, minmay_lair_oklob_chamber, grunt_megastairs_3,
          uniq_sonja
Lair:2:   layout_loops_ring, nicolae_spider_entry_non_spiders, special_room
          [special_room_bee], minivault_25, serial_bayou_shore_a
Lair:3:   layout_loops_ring, infiniplex_staircase_pool, lemuel_fruit_fields

Skill      XL: |  1  2  3  4  5  6  7  8  9 10 11 12 13 |
---------------+----------------------------------------+-----
Armour         | 1 2 4 5 6 8 11 15 | 15.0
Long Blades    | 4 5 8 10 12 13 14 | 14.0
Fighting       | 3 4 5 6 8 9 10 12 | 12.0
Dodging        | 4 5 6 8 10 11 | 11.7
Evocations     | 3 5 7 |  7.5
Throwing       | |  2.0

Action                   |  1- 3 |  4- 6 |  7- 9 | 10-12 | 13-15 || total
-------------------------+-------+-------+-------+-------+-------++-------
Melee: Long sword        |    58 |    76 |   136 |       |       ||   270
       Headbutt          |     9 |    18 |    96 |   110 |    65 ||   298
       Falchion          |       |       |   261 |       |       ||   261
       Scimitar          |       |       |    81 |   106 |       ||   187
       Great sword       |       |       |       |   431 |   201 ||   632
Throw: Throwing net      |       |     3 |       |     4 |     2 ||     9
Invok: Lunge             |       |       |    57 |    52 |    11 ||   120
       Whirlwind         |       |       |     4 |    10 |     3 ||    17
       Serpent's Lash    |       |       |       |     1 |     1 ||     2
 Abil: Wall Jump         |       |       |       |     4 |       ||     4
Evoke: Wand              |       |       |       |    23 |     5 ||    28
  Use: Potion            |     1 |       |       |     4 |       ||     5
       Scroll            |       |       |     7 |    15 |       ||    22
 Stab: Petrified         |       |       |       |       |     2 ||     2
       Held in net/web   |       |       |       |       |     1 ||     1
       Petrifying        |       |       |       |       |     1 ||     1
Armor: Leather armour    |    14 |       |       |       |       ||    14
       Ring mail         |       |    17 |       |       |       ||    17
       Scale mail        |       |       |   128 |    58 |       ||   186
       Troll leather arm |       |       |     6 |       |       ||     6
       Ice dragon scales |       |       |       |   119 |    97 ||   216
Dodge: Dodged            |    33 |    35 |   223 |   401 |   159 ||   851
Block: Other             |       |       |       |    81 |    48 ||   129
       Reflection        |       |       |       |     2 |     7 ||     9
       Rpst.: Long sword |    13 |    12 |    20 |       |       ||    45
       Falchion          |       |       |    20 |       |       ||    20
       Scimitar          |       |       |    12 |    14 |       ||    26
       Great sword       |       |       |       |    79 |    28 ||   107

Table legend: (Time is in decaauts)
 A = Elapsed time spent in this place.
 B = Non-inter-level travel time spent in this place.
 C = Inter-level travel time spent in this place.
 D = Time resting spent in this place.
 E = Time spent auto-exploring this place.
 F = Levels seen in this place.
 G = Mean time per level.
                   A        B        C        D        E       F      G
               +--------+--------+--------+--------+--------+-----+--------+
         Total |  21399 |  20917 |    482 |   6015 |  11693 |  20 | 1069.9 |
       Dungeon |  15134 |  14794 |    340 |   3513 |   8967 |  15 | 1008.9 |
          Lair |   5025 |   4883 |    142 |   1824 |   2561 |   3 | 1675.0 |
         Sewer |    213 |    213 |      0 |      0 |    156 |   1 |  213.0 |
        Bailey |   1026 |   1026 |      0 |    678 |      9 |   1 | 1026.0 |
               +--------+--------+--------+--------+--------+-----+--------+

Top non-repeatable levels by time:
  Lair:1: 2394 daAuts
     D:2: 1734 daAuts
  Lair:2: 1640 daAuts
     D:6: 1613 daAuts
     D:5: 1573 daAuts
     D:9: 1516 daAuts
    D:11: 1446 daAuts
     D:4: 1324 daAuts
     D:7: 1094 daAuts
    D:12: 1033 daAuts
  Bailey: 1026 daAuts
  Lair:3: 990 daAuts
     D:3: 892 daAuts
     D:1: 835 daAuts
    D:10: 825 daAuts
